 Dungeon Crawl Stone Soup version 0.25.0-1-g7eea58d (webtiles) character file.

Game seed: 17308034411080964337

8948 rhysdieslots the Frost Mage (level 11, 0/84 HPs)
             Began as a Merfolk Ice Elementalist on June 16, 2020.
             Was an Elder of Sif Muna.
             Slain by a spiny frog (21 damage)
             ... on level 2 of the Lair of Beasts on June 17, 2020.
             The game lasted 01:04:54 (15339 turns).

rhysdieslots the Frost Mage (MfIE)                 Turns: 15339, Time: 01:04:55

Health: 0/84       AC:  5    Str:  8    XL:     11   Next: 38%
Magic:  17/19      EV: 13    Int: 24    God:    Sif Muna [****..]
Gold:   651        SH:  0    Dex: 15    Spells: 4/21 levels left

rFire    x . .     SeeInvis .   q - +1 trident
rCold    + . .     Gourm    .   (no shield)
rNeg     . . .     Faith    .   a - +1 robe
rPois    .         Spirit   .   L - +2 hat
rElec    .         Reflect  .   (no cloak)
rCorr    .         Harm     .   (no gloves)
MR       .....                  (no boots)
Stlth    ++........             i - amulet of magic regeneration
HPRegen  0.24/turn              f - ring of ice
MPRegen  0.41/turn              e - +6 ring of intelligence

@: frozen ramparts
A: change form in water, swift swim, stealthy swim
a: Channel Magic, Forget Spell, Divine Exegesis, Renounce Religion


You were on level 2 of the Lair of Beasts.
You worshipped Sif Muna.
Sif Muna was greatly pleased with you.
You were not hungry.

You visited 3 branches of the dungeon, and saw 13 of its levels.
You also visited: Ossuary and Bailey.

You collected 968 gold pieces.
You spent 317 gold pieces at shops.

Inventory:

Hand Weapons
 q - a +1 trident (weapon)
Armour
 a - a +1 robe (worn)
 K - the +1 robe of Lugonu's Castigation {rN+ MR- Str+8}
   (You bought it in a shop on level 9 of the Dungeon)

   It affects your strength (+8).
   It protects you from negative energy.
   It affects your resistance to hostile enchantments.
 L - a +2 hat (worn)
Jewellery
 e - a +6 ring of intelligence (right hand)
 f - a ring of ice (left hand)
 i - an amulet of magic regeneration (around neck)
 o - an uncursed ring of see invisible
 A - an uncursed amulet of the acrobat
 B - an uncursed ring of positive energy
 I - an uncursed ring of stealth
 J - an uncursed ring of wizardry
Wands
 l - a wand of digging (6)
 n - a wand of disintegration (21)
 w - a wand of random effects (7)
 y - a wand of enslavement (7)
 F - a wand of flame (17)
Scrolls
 d - 3 scrolls of remove curse
 h - 4 scrolls of magic mapping
 j - 2 scrolls of enchant armour
 k - a scroll of blinking
 p - 3 scrolls of amnesia
 z - 6 scrolls of teleportation
 G - 3 scrolls of enchant weapon
 N - 3 scrolls of identify
Potions
 b - 7 potions of curing
 g - a potion of stabbing
 m - 5 potions of heal wounds
 r - 4 potions of resistance
 s - 7 potions of cancellation
 t - 3 potions of flight
 u - 2 potions of haste
 v - 3 potions of might
 x - 3 potions of degeneration
 C - a potion of magic
 D - a potion of berserk rage
 E - a potion of invisibility
 M - a potion of ambrosia {unknown}
Comestibles
 c - 15 rations
 H - 12 chunks of flesh


   Skills:
 + Level 7.2 Fighting
   Level 1.2 Short Blades
 * Level 10.5 Polearms
 - Level 2.6 Dodging
 - Level 2.6 Stealth
 + Level 5.7 Spellcasting
 - Level 5.0 Charms
 * Level 7.3 Summonings
 - Level 1.5 Necromancy
 + Level 10.8 Ice Magic
 - Level 0.1 Evocations


You had 4 spell levels left.
You knew the following spells:

 Your Spells              Type           Power        Failure   Level  Hunger
a - Freeze                Ice            ####         1%          1    None
b - Frozen Ramparts       Ice            ######       1%          3    #......
c - Ozocubu's Armour      Chrm/Ice       ######..     1%          3    #......
d - Summon Ice Beast      Ice/Summ       ######..     1%          4    ###....
e - Animate Skeleton      Necr           N/A          4%          1    None
f - Apportation           Tloc           #.....       9%          1    None
g - Summon Lightning Spi  Summ/Air       ###.....     19%         4    ###....

Your spell library contained the following spells:

 Spells                   Type           Power        Failure   Level  Hunger
 Summon Small Mammal      Summ           ####         1%          1    None
 Call Imp                 Summ           #####...     1%          2    None
 Call Canine Familiar     Summ           #####...     1%          3    #......
 Summon Guardian Golem    Hex/Summ       ###.....     5%          3    #......
 Corona                   Hex            #......      9%          1    None
 Hailstorm                Conj/Ice       #####...     9%          4    ###....
 Cause Fear               Hex            #.........   63%         4    ###....
 Silence                  Hex/Air        #.........   92%         5    #####..
 Yara's Violent Unravell  Hex/Tmut       #.........   92%         5    #####..
 Discord                  Hex            #.........   100%        8    #######


Dungeon Overview and Level Annotations

Branches:
Dungeon (10/15)            Temple (1/1) D:5            Lair (2/6) D:8
    Orc (0/2) D:9         Ossuary (visited)          Bailey (visited)
  Swamp: Lair:2-4    Shoals: Lair:2-4     Snake: Lair:2-4    Spider: Lair:2-4

Altars:
Ashenzari
Cheibriados
Dithmenos
Elyvilon
Fedhas
Gozag
Hepliaklqana
Kikubaaqudgha
Makhleb
Nemelex Xobeh
Okawaru
Qazlal
Ru
Sif Muna
Trog
Uskayaw
Vehumet
Wu Jian
Xom
Yredelemnul
Zin
The Shining One

Shops:
D:5 %%*!?   D:9 [


Message History

The blink frog hits your spiny frog but does no damage.
Your ice beast completely misses the blink frog.
Your spiny frog stings the blink frog!
The blink frog is poisoned.
Your spiny frog poisons the blink frog!
Your ice beast hits the blink frog.
The blink frog dies!
Sif Muna accepts your kill.
Your spiny frog stings the bullfrog!!
The bullfrog hits your spiny frog.
Casting: Frozen Ramparts (safe; 1% risk of failure)
Confirm with . or Enter, or press ? or * to list all spells.
You feel a surge of power!
The walls around you are covered in ice.
The bullfrog barely misses your spiny frog.
Your ice beast misses the bullfrog.
Your spiny frog stings the bullfrog!!
The bullfrog dies!
Sif Muna accepts your kill.
There is a fountain of clear blue water here.
You start resting.
The spiny frog is no longer charmed.
The wall freezes the spiny frog.
The spiny frog stings you!!
You die...

#......
.).....#
....P...
..#..#.. . .
...##.# ....
..#. #.#.#
#...
....##.⌠.##..#
#..#.....#..#
#.⌠.<.††..#
##.Y....†.#
##@F.##..#
####.#.....
..#......
..##..... #..
...#. /.# ....
..# .%.. ..#


You could see a spiny frog and a friendly ice beast (summoned).

Vanquished Creatures
  An orc knight (Bailey)
  A rime drake (Lair:1)
  2 hippogriffs
  2 yaks (Lair:1)
  A wyvern (D:8)
  6 porcupines
  2 phantoms
  An ice beast (D:5)
  7 orc warriors
  5 ogres
  A necrophage (D:9)
  A wolf (Lair:1)
  2 centaurs
  2 crocodiles
  A big kobold (D:8)
  5 bullfrogs
  2 water moccasin zombies (Ossuary)
  A scorpion (Lair:1)
  14 killer bees
  5 howler monkeys
  3 crimson imps
  A jelly (D:7)
  A quasit (D:6)
  5 hounds
  10 orc priests
  8 orc wizards
  Natasha (D:1)
  2 iguanas
  4 worker ants
  A big kobold zombie (Ossuary)
  A hound skeleton (D:8)
  A howler monkey zombie (D:7)
  4 gnolls
  5 adders
  2 shadow imps
  4 oozes
  3 adder zombies (Ossuary)
  An adder skeleton (D:9)
  4 worms
  8 leopard geckos
  45 orcs
  4 bats
  8 giant cockroaches
  13 hobgoblins
  10 jackals
  20 kobolds
  3 quokkas
  4 ball pythons
  4 frilled lizards
  2 gnoll zombies (Ossuary)
  11 goblins
  2 hobgoblin zombies (Ossuary)
  2 kobold zombies (Ossuary)
  A leopard gecko skeleton (D:4)
  4 orc zombies (Ossuary)
  6 rats
270 creatures vanquished.

Vanquished Creatures (collateral kills)
  A two-headed ogre (D:10)
  An elephant (D:8)
  A komodo dragon (Lair:2)
  A blink frog (Lair:2)
  3 hippogriffs
  3 yaks
  A water moccasin (Lair:1)
  3 orc warriors
  2 necrophages
  A sky beast (D:9)
  3 wolves (Lair:1)
  2 crocodiles (Lair:1)
  A bullfrog (Lair:2)
  A killer bee (D:8)
  A howler monkey (D:5)
  A bullfrog zombie (D:6)
  A hound (D:9)
  A bullfrog skeleton (D:5)
  A jelly (D:9)
  An orc priest (D:9)
  A centaur skeleton (D:9)
  A worker ant (D:10)
  A hound zombie (D:5)
  A hound skeleton (D:9)
  2 mummies (Ossuary)
  2 gnolls
  2 adder zombies (Ossuary)
  An adder skeleton (D:6)
  4 orcs
  A jackal (D:9)
  A gnoll zombie (Ossuary)
  2 hobgoblin zombies (Ossuary)
  A kobold zombie (D:7)
  2 orc zombies (Ossuary)
52 creatures vanquished.

Vanquished Creatures (others)
  A fungus (Lair:1)
1 creature vanquished.

Grand Total: 323 creatures vanquished

Notes
Turn   | Place    | Note
-------+----------+-------------------------------------------
     0 | D:1      | rhysdieslots the Merfolk Ice Elementalist began the quest
                  | for the Orb.
     0 | D:1      | Reached XP level 1. HP: 13/13 MP: 3/3
   470 | D:1      | Reached XP level 2. HP: 19/19 MP: 3/5
   679 | D:1      | Reached skill level 5 in Ice Magic
  1238 | D:1      | Reached XP level 3. HP: 23/24 MP: 4/6
  1252 | D:1      | Learned a level 3 spell: Frozen Ramparts
  1530 | D:2      | Noticed Natasha
  1537 | D:1      | HP: 1/24 [Natasha/magic dart (8)]
  1538 | D:1      | Killed Natasha
  1916 | D:2      | Reached XP level 4. HP: 31/31 MP: 3/7
  1999 | D:2      | Noticed a phantom
  2247 | D:2      | Killed a phantom
  2247 | D:2      | Reached skill level 1 in Fighting
  2247 | D:2      | Reached skill level 1 in Short Blades
  2247 | D:2      | Reached XP level 5. HP: 37/37 MP: 7/9
  2252 | D:2      | Learned a level 3 spell: Ozocubu's Armour
  2883 | D:3      | Reached skill level 1 in Charms
  2883 | D:3      | Reached XP level 6. HP: 39/44 MP: 6/10
  3725 | D:4      | Reached skill level 1 in Polearms
  3731 | D:4      | Learned a level 4 spell: Summon Ice Beast
  4049 | D:4      | Reached XP level 7. HP: 39/51 MP: 11/11
  4493 | D:4      | Reached skill level 1 in Summonings
  5030 | D:4      | You fall into a shaft and drop 2 floors!
  5279 | D:6      | Reached XP level 8. HP: 53/58 MP: 9/12
  5448 | D:5      | Entered Level 5 of the Dungeon
  5684 | D:5      | Found Yczysobb's Food Shop.
  5692 | D:5      | Found Ketad's Assorted Antiques.
  5718 | D:5      | Found Hibbenin's Food Shoppe.
  6514 | D:5      | Found Ocuel's Magic Scroll Emporium.
  6585 | D:5      | Found Fixt's Distillery.
  6670 | D:5      | Found a staircase to the Ecumenical Temple.
  6745 | Temple   | Entered the Ecumenical Temple
  6841 | Temple   | Became a worshipper of Sif Muna the Loreminder
  7931 | D:7      | Reached skill level 5 in Polearms
  8060 | D:7      | Reached XP level 9. HP: 64/66 MP: 10/14
  8268 | D:7      | Found a glowing golden altar of the Shining One.
  8269 | D:7      | Found a sand-covered staircase.
  8279 | Ossuary  | Entered an ossuary
  9126 | D:7      | Reached * piety under Sif Muna
  9331 | D:7      | Found a shadowy altar of Dithmenos.
  9847 | D:8      | Learned a level 1 spell: Animate Skeleton
  9849 | D:8      | Learned a level 1 spell: Apportation
  9896 | D:8      | Reached skill level 5 in Fighting
  9896 | D:8      | Reached skill level 5 in Charms
  9948 | D:8      | Found a flagged portal.
  9957 | Bailey   | Entered a bailey
 10020 | Bailey   | Noticed an orc knight
 10028 | Bailey   | Killed an orc knight
 10183 | Bailey   | Reached ** piety under Sif Muna
 10199 | Bailey   | Reached skill level 10 in Ice Magic
 10199 | Bailey   | Reached XP level 10. HP: 67/75 MP: 12/16
 10411 | D:8      | Learned a level 4 spell: Summon Lightning Spire
 10555 | D:8      | Noticed an elephant
 10568 | D:8      | Killed an elephant
 10568 | D:8      | Reached skill level 5 in Summonings
 10568 | D:8      | Reached skill level 1 in Necromancy
 10792 | D:8      | Found a staircase to the Lair.
 11701 | D:9      | Reached skill level 5 in Spellcasting
 11878 | D:9      | Reached *** piety under Sif Muna
 11899 | D:9      | Found a staircase to the Orcish Mines.
 12284 | D:9      | Found Ofoetyn's Antique Armour Boutique.
 12293 | D:9      | Bought a heavy robe for 142 gold pieces
 12293 | D:9      | Bought an embroidered hat for 175 gold pieces
 12303 | D:9      | Identified the cursed +1 robe of Lugonu's Castigation {rN+
                  | MR- Str+8} (You bought it in a shop on level 9 of the
                  | Dungeon)
 13903 | D:10     | Entered Level 10 of the Dungeon
 13919 | D:10     | Noticed a two-headed ogre
 13930 | D:10     | Killed a two-headed ogre
 13930 | D:10     | Reached XP level 11. HP: 83/83 MP: 7/19
 13932 | D:10     | Noticed a deep elf mage
 14138 | Lair:1   | Entered Level 1 of the Lair of Beasts
 14153 | Lair:1   | Reached skill level 10 in Polearms
 14727 | Lair:1   | Noticed an eight-headed hydra
 15082 | Lair:1   | Reached **** piety under Sif Muna
 15339 | Lair:2   | Slain by a spiny frog

Illustrated notes

Levels and vault maps discovered:
D:1:      dpeg_arrival_round_a, layout_loops_ring, st_stairs_11
D:2:      layout_basic, uniq_natasha
D:3:      layout_basic, wander_ebering_terrifying_dragon_lair
D:4:      layout_gridville, first_ration
D:5:      layout_basic, lemuel_temple_firewalk_a, serial_shops,
          kennysheep_little_box, shop, nicolae_shop_statue_plus, shop, shop
D:6:      layout_cave_pools, nrook_loot_triangle
D:7:      layout_gridville, tso_oasis_becter, basic_altar, enter_ossuary_3
D:8:      layout_rooms, david_lair_generic, enter_bailey_3, blue_anna_alchemist
          [blue_anna_fruit_fields, blue_anna_fruit_fields]
D:9:      layout_irregular_city, erik_orc_2, serial_shops,
          nicolae_shop_statue_plus
D:10:     layout_rooms, roderic_batcave, minivault_28
Temple:   kilobyte_greek_temple
Lair:1:   layout_big_grid
Lair:2:   layout_loops_ring, skrybe_swamp_entry_bodies, grunt_megastairs_2

Skill      XL: |  1  2  3  4  5  6  7  8  9 10 11 |
---------------+----------------------------------+-----
Ice Magic      | 5 6 7 8 10 | 10.8
Fighting       | 1 2 3 4 5 6 7 |  7.2
Short Blades   | 1 |  1.2
Spellcasting   | 3 4 5 |  5.7
Charms         | 1 2 3 4 5 |  5.0
Polearms       | 1 3 5 6 9 10 | 10.5
Summonings     | 2 3 4 6 7 |  7.3
Necromancy     | 1 |  1.5
Dodging        | |  2.6
Stealth        | |  2.6
Evocations     | |  0.1

Action                   |  1- 3 |  4- 6 |  7- 9 | 10-12 || total
-------------------------+-------+-------+-------+-------++-------
Melee: Whip              |    13 |       |       |       ||    13
       Dagger            |    11 |       |       |       ||    11
       Short sword       |    15 |    44 |       |       ||    59
       Trident           |       |    44 |   282 |   181 ||   507
       Tailslap          |       |       |     1 |     2 ||     3
 Cast: Freeze            |    24 |    14 |    55 |    54 ||   147
       Frozen Ramparts   |     2 |     9 |    25 |    26 ||    62
       Summon Ice Beast  |       |       |    26 |    25 ||    51
       Ozocubu's Armour  |       |       |     9 |     9 ||    18
       Animate Skeleton  |       |       |    10 |    17 ||    27
       Summon Lightning  |       |       |       |     2 ||     2
Evoke: Wand              |       |     5 |     5 |     2 ||    12
  Use: Scroll            |       |     7 |    14 |     4 ||    25
       Potion            |       |       |       |     1 ||     1
 Stab: Sleeping          |     4 |     4 |     6 |     2 ||    16
       Distracted        |       |     1 |     1 |     3 ||     5
  Eat: Chunk             |     2 |     6 |    13 |     8 ||    29
       Ration            |     1 |       |     4 |     4 ||     9
Armor: Robe              |    12 |    12 |    48 |    40 ||   112
Dodge: Dodged            |    28 |    47 |   215 |   140 ||   430
